 Dungeon Crawl Stone Soup version 0.20.0-15-g7f486f2 (webtiles) character file.

358 SirYmp the Cudgeler (level 6, -1/56 HPs)
             Began as a Minotaur Berserker on June 14, 2017.
             Was a Priest of Trog.
             Slain by an iguana (5 damage)
             ... on level 4 of the Dungeon on June 16, 2017.
             The game lasted 00:13:20 (2856 turns).

SirYmp the Cudgeler (Minotaur Berserker)            Turns: 2856, Time: 00:13:21

Health: -1/56      AC: 11    Str: 24    XL:     6   Next: 37%
Magic:  5/5        EV:  8    Int:  4    God:    Trog [***...]
Gold:   240        SH:  0    Dex:  9    Spells: 5/5 levels left

rFire    + . .     SeeInvis .   a - +0 mace
rCold    x . .     Gourm    .   (no shield)
rNeg     . . .     Faith    .   m - +0 plate armour
rPois    .         Spirit   .   (helmet restricted)
rElec    .         Reflect  .   (no cloak)
rCorr    .         Harm     .   (no gloves)
MR       .....                  (no boots)
Stlth    ..........             (no amulet)
Regen    0.2/turn               g - ring of fire
MPRegen  0.1/turn               (no ring)

@: berserk cooldown, slowed, very slow
A: retaliatory headbutt, horns 2
a: Berserk, Trog's Hand, Burn Spellbooks, Renounce Religion


You were on level 4 of the Dungeon.
You worshipped Trog.
Trog was most pleased with you.
You were near starving.

You visited 1 branch of the dungeon, and saw 4 of its levels.
You also visited: Ossuary.

You collected 240 gold pieces.

Inventory:

Hand Weapons
 a - a +0 mace (weapon)
Armour
 m - a +0 plate armour (worn)
Jewellery
 g - a ring of fire (left hand)
 t - an uncursed ring of wizardry {unknown}
Wands
 u - a wand of confusion (7/48)
Scrolls
 b - a scroll of blinking {unknown}
 e - 4 scrolls of remove curse
 f - 4 scrolls of teleportation
 j - 5 scrolls of identify
 o - 2 scrolls of fear {unknown}
 p - a scroll of amnesia {unknown}
 v - a scroll of magic mapping {unknown}
Potions
 d - a potion of ambrosia {unknown}
 h - a potion of brilliance {unknown}
 i - 2 potions of heal wounds {unknown}
 k - 3 potions of curing
 q - a potion of agility {unknown}
 r - a potion of mutation {unknown}
Comestibles
 c - 4 bread rations
 l - a meat ration
 n - a royal jelly
 s - a fruit


   Skills:
 + Level 5.1 Fighting
 + Level 6.6 Maces & Flails
 + Level 3.9 Armour
 + Level 3.1 Dodging
 + Level 0.1 Stealth


You had 5 spell levels left.
You didn't know any spells.

Dungeon Overview and Level Annotations

Branches:
Dungeon (4/15)
 Temple: D:4-7

Altars:
Ashenzari
Dithmenos
Gozag
Hepliaklqana
Yredelemnul
The Shining One


Innate Abilities, Weirdness & Mutations

You reflexively headbutt those who attack you in melee.
You have a pair of horns on your head.


Message History

The kobold zombie hits you but does no damage.
There is a gate leading back out of this place here.
The elf zombie hits you.
* * * LOW HITPOINT WARNING * * *
The elf zombie barely misses you. The kobold zombie barely misses you.
The elf zombie hits you but does no damage.
The elf zombie completely misses you. The kobold zombie barely misses you.
You furiously retaliate!
You headbutt the kobold zombie.
Welcome back to the Dungeon!
The iguana closely misses you.
The iguana bites you but does no damage.
There is a collapsed entrance here.
The iguana bites you but does no damage.
You sock the iguana!
The iguana is heavily wounded.
The iguana closely misses you. You furiously retaliate!
You headbutt the iguana, but do no damage.
You closely miss the iguana. Your headbutt misses the iguana.
The iguana is heavily wounded.
The iguana bites you.
You die...

### #####8#
##..?#.##
.##.....#.#
.......l@.#
..#...#...#
#...##..#
#8###.#8.#
###.#[...#
..###.....#.#
.....$....#.#######
..###......).[....#
..................#


You could see an iguana.

Vanquished Creatures
  2 scorpions (D:4)
  A human zombie (Ossuary)
  2 orc wizards
  A gnoll (D:1)
  7 adders
  2 worms (D:3)
  2 dart slugs (D:1)
  A leopard gecko (D:2)
  7 orcs
  4 giant cockroaches
  6 goblins
  10 hobgoblins
  15 jackals
  2 bats (D:1)
  4 frilled lizards
  A goblin zombie (D:2)
  A jackal zombie (Ossuary)
  4 kobolds
  2 kobold zombies (Ossuary)
  An orc zombie (Ossuary)
  8 rats
  A rat zombie (Ossuary)
84 creatures vanquished.

Vanquished Creatures (others)
  A hobgoblin (D:2)
1 creature vanquished.

Grand Total: 85 creatures vanquished

Notes
Turn   | Place    | Note
-------+----------+-------------------------------------------
     0 | D:1      | SirYmp the Minotaur Berserker began the quest for the Orb.
     0 | D:1      | Reached XP level 1. HP: 19/19 MP: 0/0
    93 | D:1      | Reached skill level 4 in Maces & Flails
   136 | D:1      | Reached XP level 2. HP: 20/27 MP: 1/1
   535 | D:1      | Reached XP level 3. HP: 31/33 MP: 2/2
  1127 | D:2      | Reached ** piety under Trog
  1225 | D:2      | Found a hazy altar of Hepliaklqana.
  1295 | D:2      | Found a runed door.
  1295 | D:2      | Noticed a human
  1309 | D:2      | Found a basalt altar of Yredelemnul.
  1548 | D:2      | Found a shattered altar of Ashenzari.
  1548 | D:2      | Found an opulent altar of Gozag.
  1686 | D:2      | Reached XP level 4. HP: 41/41 MP: 3/3
  1968 | D:3      | Found a shadowy altar of Dithmenos.
  1976 | D:3      | Reached skill level 5 in Maces & Flails
  2086 | D:3      | Reached XP level 5. HP: 41/47 MP: 4/4
  2445 | D:4      | Reached *** piety under Trog
  2493 | D:4      | Reached skill level 5 in Fighting
  2493 | D:4      | Reached skill level 6 in Maces & Flails
  2659 | D:4      | Found a glowing golden altar of the Shining One.
  2724 | D:4      | Reached XP level 6. HP: 46/56 MP: 5/5
  2819 | D:4      | Found a sand-covered staircase.
  2828 | Ossuary  | Entered an ossuary
  2852 | Ossuary  | HP: 2/56 [elf zombie (1)]
  2856 | D:4      | Slain by an iguana

Skill      XL: |  1  2  3  4  5 |
---------------+----------------+-----
Maces & Flails | 4 5 6 |  6.6
Fighting       | 4 5 |  5.1
Armour         | 3 |  3.9
Dodging        | 3 |  3.1
Stealth        | |  0.1

Action                   |  1- 3 |  4- 6 || total
-------------------------+-------+-------++-------
Melee: Mace              |    65 |   112 ||   177
       Headbutt          |    10 |    20 ||    30
Invok: Berserk           |       |     2 ||     2
       Burn Spellbooks   |       |     1 ||     1
  Use: Scroll            |     1 |     2 ||     3
  Eat: Chunk             |     2 |     4 ||     6
Armor: Animal skin       |     3 |       ||     3
       Scale mail        |     9 |       ||     9
       Plate armour      |     1 |   111 ||   112
Dodge: Dodged            |    51 |    81 ||   132
